 Dungeon Crawl Stone Soup version 0.28-a0-382-g33c4956463 (webtiles) character file.

Game seed: 15620690177253769713

116 McIrco the Cutter (level 5, 0/34 HPs)
             Began as a Kobold Berserker on Sept 2, 2021.
             Was a Follower of Trog.
             Killed from afar by Natasha (7 damage)
             ... with a magic dart
             ... on level 2 of the Dungeon.
             The game lasted 00:00:51 (1485 turns).

McIrco the Cutter (Kobold Berserker)                Turns: 1485, Time: 00:00:52

Health: 0/34       AC:  2    Str: 15    XL:     5   Next: 20%
Magic:  5/5        EV: 15    Int:  9    God:    Trog [*.....]
Gold:   54         SH:  0    Dex: 14    Spells: 4/4 levels left

rFire   . . .      SeeInvis .   a - +0 short sword
rCold   . . .      Faith    .   (shield restricted)
rNeg    . . .      Spirit   .   b - +0 animal skin
rPois   .          Reflect  .   (no helmet)
rElec   .          Harm     .   (no cloak)
rCorr   .          Rampage  .   (no gloves)
Will    .....                   (no boots)
Stlth   +++.......              (no amulet)
HPRegen 0.11/turn               (no ring)
MPRegen 0.09/turn               (no ring)

@: no status effects
A: small, no large weapons, nightstalker 3
a: Renounce Religion, Berserk


You were on level 2 of the Dungeon.
You worshipped Trog.
Trog was aware of your devotion.
You visited 1 branch of the dungeon, and saw 2 of its levels.

You collected 54 gold pieces.

Inventory:

Hand Weapons
 a - a +0 short sword (weapon)
Armour
 b - a +0 animal skin (worn)
Scrolls
 c - a scroll of noise {unknown}
 d - 2 scrolls of identify {unknown}
 e - 2 scrolls of magic mapping {unknown}
 h - a scroll of enchant armour {unknown}
Potions
 f - a potion of ambrosia {unknown}
 g - a potion of heal wounds {unknown}


   Skills:
 + Level 4.3 Fighting
 + Level 5.5 Short Blades
 + Level 1.7 Armour
 + Level 3.0 Dodging
 + Level 1.8 Stealth


You had 4 spell levels left.
You didn't know any spells.
Your spell library was empty.

Dungeon Overview and Level Annotations

Branches:
Dungeon (2/15)

Altars:

Annotations:
D:2 Natasha


Innate Abilities, Weirdness & Mutations

You are small and have problems with some larger weapons.
You are completely attuned to the shadows.


Message History

Natasha claws you.
You hit Natasha.
Natasha is heavily wounded.
You barely miss Natasha.
Natasha is heavily wounded.
Natasha casts a spell at you. The magic dart hits you.
You hit Natasha.
Natasha is severely wounded.
Natasha misses you.
You hit Natasha but do no damage.
Natasha is severely wounded.
Natasha claws you.
You closely miss Natasha.
Natasha is severely wounded.
Natasha barely misses you.
You hit Natasha but do no damage.
Natasha is severely wounded.
Natasha barely misses you.
You miss Natasha.
Natasha is severely wounded.
You completely miss Natasha.
Natasha is severely wounded.
Natasha claws you! The goblin hits you with a +0 dagger.
You are too injured to fight recklessly!
You are too injured to fight recklessly!
You closely miss the goblin. Natasha claws you.
* * * LOW HITPOINT WARNING * * *
The goblin barely misses you.
You barely miss the goblin. Natasha closely misses you.
Unknown command.
You fail to use your ability.
The goblin hits you with a +0 dagger.
* * * LOW HITPOINT WARNING * * *
Natasha closely misses you.
You hit Natasha.
Natasha is almost dead.
The goblin barely misses you. Natasha casts a spell at you.
The magic dart hits you!
You die...

#######.
#(......
#.......
#.####...g...
........@h...
#.###........
+###.#######
.....#####
..........
.....#####
####.#### .
#.......#
#.#.)†....#


You could see Natasha and a goblin.

Vanquished Creatures
  A scorpion (D:2)
  Natasha (D:2)
  An adder (D:2)
  An orc (D:2)
  3 bats
  4 endoplasms (D:2)
  2 giant cockroaches
  A goblin (D:2)
  A hobgoblin (D:1)
  2 quokkas
  A ball python (D:1)
  3 frilled lizards (D:1)
  2 rats (D:1)
23 creatures vanquished.

Notes
Turn   | Place    | Note
-------+----------+-------------------------------------------
     0 | D:1      | McIrco the Kobold Berserker began the quest for the Orb.
     0 | D:1      | Reached XP level 1. HP: 14/14 MP: 1/1
   447 | D:1      | Reached XP level 2. HP: 19/19 MP: 2/2
   775 | D:1      | Found a faded altar of an unknown god.
   859 | D:2      | Noticed a scorpion
   867 | D:2      | Killed a scorpion
   868 | D:2      | Reached skill level 5 in Short Blades
   868 | D:2      | Reached skill level 1 in Stealth
   868 | D:2      | Reached XP level 3. HP: 8/24 MP: 3/3
   868 | D:2      | Reached XP level 4. HP: 10/29 MP: 4/4
  1193 | D:2      | Noticed Natasha
  1198 | D:2      | Killed Natasha
  1199 | D:2      | Reached XP level 5. HP: 31/33 MP: 5/5
  1471 | D:2      | Noticed Natasha
  1485 | D:2      | Killed from afar by Natasha

Illustrated notes

Levels and vault maps discovered:
D:1:      ncdulo_halloftheorcs, layout_basic,
          hellmonk_ecumenical_altar_leap_of_faith
D:2:      layout_basic, uniq_natasha, uniq_sigmund

Skill      XL: |  1  2  3  4 |
---------------+-------------+-----
Fighting       | 4 |  4.3
Short Blades   | 5 |  5.5
Stealth        | 1 |  1.8
Dodging        | 3 |  3.0
Armour         | |  1.7

Action                   |  1- 3 |  4- 6 || total
-------------------------+-------+-------++-------
Melee: Short sword       |    22 |    51 ||    73
Invok: Berserk           |     1 |       ||     1
 Stab: Sleeping          |     4 |     1 ||     5
       Distracted        |       |     1 ||     1
Armor: Animal skin       |     2 |     1 ||     3
Dodge: Dodged            |     9 |    39 ||    48

Table legend: (Time is in decaauts)
 A = Elapsed time spent in this place.
 B = Non-inter-level travel time spent in this place.
 C = Inter-level travel time spent in this place.
 D = Time resting spent in this place.
 E = Time spent auto-exploring this place.
 F = Levels seen in this place.
 G = Mean time per level.
                   A        B        C        D        E       F      G
               +--------+--------+--------+--------+--------+-----+--------+
         Total |   1483 |   1470 |     13 |    298 |   1046 |   2 |  741.5 |
       Dungeon |   1483 |   1470 |     13 |    298 |   1046 |   2 |  741.5 |
               +--------+--------+--------+--------+--------+-----+--------+

Top non-repeatable levels by time:
     D:1: 857 daAuts
     D:2: 626 daAuts
